AoeStats
← raw0000

Black Forest

509363378Analyzed
4v4 RM · 6d ago on Sep 26, 2026· 45m 27s· 8 players
Game mode
Random Map
Map size
Large (8 player)
Population
200
Speed
Normal
Resources
Standard
Victory
Conquest
Starting age
Dark Age
Ending age
Imperial Age
RankedLock teamsTeams togetherTeam positionsShared explorationLock speedFull tech treeHidden civsTurbo modeCheats
Victory
Defeat
🇭🇰 Burmese · Hong Kong SAR China
1291
+12
🇦🇷 Franks · Argentina
1258
+13
🇹🇼 Persians · Taiwan
1235
+14
🇨🇳 Britons · China
1213
+16
🇮🇳 Celts · India
1267
-16
🇨🇳 Hindustanis · China
1183
-13
🇯🇵 Persians · Japan
1182
-13
🇯🇵 Cumans · Japan
1174
-13
302
11:29 Feudal Age
15:12 Castle Age
13:32 Horse Collar
15:38 Wheelbarrow
16:20 Heavy Plow
23:41 Hand Cart
24:57 Loom
25:03 Gold Mining
25:04 Stone Mining
25:50 Fletching
27:35 Gold Shaft Mining
26:46 Town Watch
30:05 Imperial Age
27:48 Padded Archer Armor
27:44 Bodkin Arrow
29:00 Ballistics
30:20 Caravan
30:50 Coinage
30:34 Scale Barding Armor
30:40 Forging
30:48 Manipur Cavalry
30:15 Elite Arambai
31:16 Conscription
31:11 Bracer
32:07 Chain Barding Armor
33:16 Bloodlines
32:50 Light Cavalry
33:31 Husbandry
34:08 Iron Casting
33:57 Town Patrol
34:33 Plate Barding Armor
34:26 Guilds
35:30 Chemistry
34:19 Hussar
36:01 Blast Furnace
35:46 Banking
36:11 Parthian Tactics
Bear
0:28 Loom
12:07 Feudal Age
16:14 Castle Age
14:18 Double-Bit Axe
17:59 Bow Saw
24:03 Wheelbarrow
25:53 Fortified Wall
28:48 Imperial Age
28:21 Hand Cart
28:20 Scale Barding Armor
28:26 Forging
28:13 Murder Holes
28:39 Ballistics
28:38 Fletching
28:32 Treadmill Crane
29:36 Chain Barding Armor
29:19 Husbandry
28:40 Light Cavalry
29:55 Caravan
30:22 Cavalier
31:49 Iron Casting
32:44 Plate Barding Armor
33:56 Blast Furnace
32:18 Paladin
34:57 Chemistry
36:55 Padded Archer Armor
40:13 Elite Throwing Axeman
42:18 Scale Mail Armor
42:34 Leather Archer Armor
42:32 Masonry
42:28 Siege Engineers
45:03 Pikeman
45:44 Squires
45:29 Arson
46:21 Chain Mail Armor
46:02 Bodkin Arrow
韓國魚
0:50 Loom
11:43 Feudal Age
15:55 Castle Age
13:44 Double-Bit Axe
13:44 Horse Collar
15:17 Wheelbarrow
16:43 Bow Saw
17:47 Heavy Plow
22:32 Hand Cart
25:33 Stone Mining
26:30 Gold Mining
28:36 Gold Shaft Mining
28:46 Stone Shaft Mining
28:24 Forging
28:20 Scale Barding Armor
31:34 Imperial Age
29:45 Iron Casting
29:50 Caravan
30:13 Chain Barding Armor
29:43 Fletching
30:18 Ballistics
31:03 Bloodlines
30:54 Husbandry
30:50 Town Watch
31:12 Elite War Elephant
32:13 Conscription
32:28 Crop Rotation
33:00 Blast Furnace
33:17 Plate Barding Armor
32:38 Bodkin Arrow
34:17 Two-Man Saw
35:10 Thumb Ring
35:12 Padded Archer Armor
35:39 Crossbowman
36:46 Kamandaran
36:30 Light Cavalry
39:05 Leather Archer Armor
39:56 Chemistry
38:52 Murder Holes
39:07 Masonry
39:36 Hoardings
41:24 Ring Archer Armor
42:56 Citadels
43:20 Architecture
43:32 Guard Tower
44:30 Capped Ram
45:23 Siege Ram
smallpox04
0:44 Loom
11:33 Feudal Age
15:10 Castle Age
13:00 Double-Bit Axe
14:42 Horse Collar
16:49 Heavy Plow
17:05 Bow Saw
19:08 Town Watch
19:59 Wheelbarrow
22:50 Heavy Plow
26:56 Stone Mining
29:53 Imperial Age
27:42 Hand Cart
27:40 Gold Mining
29:12 Fletching
30:26 Gold Shaft Mining
30:37 Fortified Wall
30:58 Bodkin Arrow
31:25 Conscription
32:07 Chemistry
31:30 Ballistics
31:49 Bracer
32:37 Masonry
32:52 Yeomen
32:35 Padded Archer Armor
33:31 Onager
35:24 Two-Man Saw
34:49 Leather Archer Armor
34:21 Arrowslits
35:18 Elite Longbowman
36:14 Guilds
36:10 Caravan
38:38 Coinage
39:11 Siege Engineers
39:37 Architecture
39:33 Treadmill Crane
39:44 Guard Tower
41:16 Guard Tower
41:07 Treadmill Crane
42:10 Banking
42:12 Ring Archer Armor
41:44 Squires
41:05 Pikeman
41:46 Scale Mail Armor
41:56 Forging
43:20 Keep
42:40 Murder Holes
44:50 Chain Mail Armor
45:10 Iron Casting
43:59 Halberdier
nakasone
4:32 Loom
11:29 Feudal Age
12:19 Double-Bit Axe
15:05 Horse Collar
20:07 Castle Age
19:19 Wheelbarrow
18:53 Gold Mining
19:27 Stone Mining
21:27 Bow Saw
22:01 Heavy Plow
23:03 Gold Shaft Mining
29:27 Imperial Age
27:12 Hand Cart
27:35 Masonry
28:52 Scale Barding Armor
29:18 Caravan
30:09 Bloodlines
30:22 Chain Barding Armor
31:49 Two-Man Saw
31:22 Crop Rotation
30:17 Cavalier
31:37 Plate Barding Armor
31:14 Forging
31:37 Town Watch
31:49 Paladin
33:45 Iron Casting
36:09 Blast Furnace
40:24 Conscription
42:15 Squires
42:00 Arson
42:43 Pikeman
43:33 Scale Mail Armor
hajime
4:27 Loom
10:27 Feudal Age
14:29 Castle Age
12:36 Double-Bit Axe
13:37 Horse Collar
14:38 Gold Mining
18:12 Wheelbarrow
26:42 Bow Saw
28:00 Hand Cart
30:03 Gold Shaft Mining
29:19 Stone Mining
32:58 Imperial Age
31:01 Scale Barding Armor
31:07 Forging
32:03 Chain Barding Armor
33:20 Iron Casting
33:38 Conscription
33:25 Padded Archer Armor
33:27 Elite War Elephant
35:20 Plate Barding Armor
34:37 Fletching
34:52 Town Watch
35:35 Caravan
36:46 Blast Furnace
36:17 Fervor
37:31 Leather Archer Armor
36:39 Capped Ram
39:01 Chemistry
38:51 Citadels
40:52 Ring Archer Armor
40:23 Scale Mail Armor
40:09 Pikeman
40:49 Squires
40:34 Gambesons
45:14 Halberdier
raw0000
0:48 Loom
11:18 Feudal Age
15:57 Castle Age
14:07 Double-Bit Axe
14:11 Horse Collar
19:05 Scale Mail Armor
20:25 Forging
35:04 Bow Saw
34:57 Heavy Plow
37:32 Imperial Age
35:38 Wheelbarrow
35:34 Town Watch
37:09 Wheelbarrow
Gim
1:10 Loom
10:44 Feudal Age
13:25 Double-Bit Axe
15:45 Castle Age
21:47 Wheelbarrow
24:17 Bow Saw
23:54 Horse Collar
25:07 Gold Mining
25:43 Heavy Plow
29:48 Imperial Age
28:19 Scale Barding Armor
28:42 Hand Cart
29:32 Gold Shaft Mining
29:02 Stone Mining
29:42 Chain Barding Armor
29:59 Bloodlines
30:13 Husbandry
31:04 Conscription
31:10 Grand Trunk Road
30:40 Heavy Camel Rider
31:47 Forging
32:58 Two-Man Saw
33:18 Chemistry
32:10 Imperial Camel Rider
34:05 Plate Barding Armor
34:01 Ballistics
33:48 Padded Archer Armor
35:06 Shatagni
35:48 Fortified Wall
40:12 Iron Casting
41:21 Leather Archer Armor
42:07 Blast Furnace
41:41 Siege Engineers
43:02 Ring Archer Armor
Connection lost

Rejoining the realm…

Still unreachable

The connection could not be restored.

Session expired

The server has moved on; the page needs a fresh start.